 Dungeon Crawl Stone Soup version 0.30-a0-12-gd8047c6341 (webtiles) character file.

Game seed: 18320745184817056006

287 siradein the Trooper (level 6, -2/53 HPs)
             Began as a Draconian Fighter on Aug 23, 2022.
             Slain by Edmund
             ... wielding a +0 dire flail of venom
              (14 damage)
             ... on level 4 of the Dungeon.
             The game lasted 00:05:40 (4076 turns).

siradein the Trooper (Draconian Fighter)            Turns: 4076, Time: 00:05:40

Health: -2/53      AC:  6    Str: 19    XL:     6   Next: 8%
Magic:  6/6        EV: 12    Int:  8    God:
Gold:   168        SH:  5    Dex: 12    Spells: 5/5 levels left

rFire   . . .      SeeInvis .    a - +0 long sword
rCold   . . .      Faith    .    b - +0 buckler
rNeg    . . .      Spirit   .    (body armour unavailable)
rPois   .          Reflect  .    (helmet restricted)
rElec   .          Harm     .    (no cloak)
rCorr   .          Rampage  .    (no gloves)
Will    .....                    (no boots)
Stlth   +.........               (no amulet)
HPRegen 0.17/turn                (no ring)
MPRegen 0.10/turn                (no ring)

@: mighty, lethally poisoned (-2 -> -16)
A: AC +6, unfitting armour, cold-blooded
a: no special abilities


You were on level 4 of the Dungeon.
You visited 1 branch of the dungeon, and saw 4 of its levels.

You collected 168 gold pieces.

Inventory:

Hand Weapons
 a - a +0 long sword (weapon)
Armour
 b - a +0 buckler (worn)
Jewellery
 x - the ring "Moaxauwn" {Ice rCorr Int-5 Dex+3}
   (You found it on level 3 of the Dungeon)

   [ring of ice]

   It enhances your ice magic.
   Int:       It affects your intelligence (-5).
   Dex:       It affects your dexterity (+3).
   rF:        It makes you vulnerable to fire.
   rC:        It protects you from cold.
   rCorr:     It protects you from acid and corrosion.
Wands
 m - a wand of acid (8)
 p - a wand of roots (9)
 t - a wand of paralysis (9)
Scrolls
 d - a scroll of fear {unknown}
 e - 3 scrolls of immolation
 f - a scroll of enchant armour {unknown}
 h - a scroll of blinking {unknown}
 j - a scroll of poison {unknown}
 n - a scroll of summoning {unknown}
 r - a scroll of noise {unknown}
 s - a scroll of vulnerability {unknown}
 v - a scroll of identify {unknown}
 w - a scroll of silence {unknown}
 y - a scroll of enchant weapon {unknown}
Potions
 g - a potion of flight {unknown}
 i - a potion of curing {unknown}
 k - a potion of cancellation {unknown}
 l - a potion of berserk rage {unknown}
 o - a potion of attraction {unknown}
 q - a potion of mutation {unknown}
 u - a potion of lignification {unknown}


   Skills:
 + Level 4.7 Fighting
 + Level 3.5 Long Blades
 + Level 3.8 Dodging
 + Level 4.2 Shields


You had 5 spell levels left.
You didn't know any spells.
Your spell library contained the following spells:

 Spells                   Type           Power      Damage    Failure   Level
 Sandblast                Erth           0%         2d4       50%         1
 Passwall                 Tmut/Erth      0%         N/A       63%         2
 Stone Arrow              Conj/Erth      0%         3d7       86%         3


Dungeon Overview and Level Annotations

Branches:
Dungeon (4/15)
 Temple: D:4-7

Altars:
Elyvilon
Hepliaklqana
Makhleb
Sif Muna
Trog
Vehumet
Yredelemnul
The Shining One

Annotations:
D:2 1 runed translucent door, Crazy Yiuf
D:4 Edmund


Innate Abilities, Weirdness & Mutations

Your plain brown scales are hard. (AC +6)
You cannot fit into any form of body armour.
You are cold-blooded and may be slowed by cold attacks.


Message History

An orc is nearby!
You slash the orc!
You kill the orc!
No target in view!
No target in view!
No target in view!
A goblin comes into view. It is wielding a +0 club.
The goblin shouts!
You hear a shout!
A goblin is nearby!
A goblin is nearby!
A goblin is nearby!
Edmund the Younger comes into view.
He is wielding a +0 dire flail of venom.
Edmund shouts!
The goblin hits you with a +0 club.
You hit the goblin but do no damage. The goblin hits you with a +0 club.
The goblin hits you but does no damage.
You hit the goblin but do no damage. The goblin hits you but does no damage.
You hit the goblin.
You kill the goblin!
You hit Edmund but do no damage.
Edmund hits you with a +0 dire flail of venom!
You are poisoned.
You feel very mighty all of a sudden.
You feel very sick.
Edmund hits you with a +0 dire flail of venom.
You slash Edmund!
Edmund is lightly wounded.
You feel very sick. You block Edmund's attack.
You slash Edmund!
Edmund is moderately wounded.
You feel very sick.
Edmund hits you with a +0 dire flail of venom. x2
You are lethally poisoned!
You closely miss Edmund. You tail-slap Edmund.
Edmund is heavily wounded.
* * * LOW HITPOINT WARNING * * *
You feel very sick.
Edmund hits you with a +0 dire flail of venom!
You die...

####.....# #.#
.......###
##.########
########
#..........
##..#########
#.......)...#
#.###.#####.#
#. #........
#.###.#####.#
#....@#
.......@).....#
####.#.$...##.#
......##.#
...#.##.# ...
##.#. #.# ##. #
# #.# # #.#


You could see Edmund.

Vanquished Creatures
  Natasha (thrice) (D:2)
  2 orc wizards (D:3)
  Robin (D:2)
  4 adders (D:3)
  3 worms
  2 dart slugs
  8 orcs
  11 ball pythons
  3 endoplasms
  3 giant cockroaches
  14 goblins
  13 hobgoblins
  4 jackals
  5 quokkas
  8 bats
  4 frilled lizards
  6 kobolds
  4 rats
98 creatures vanquished.

Notes
Turn   | Place    | Note
-------+----------+-------------------------------------------
     0 | D:1      | siradein the Draconian Fighter began the quest for the Orb.
     0 | D:1      | Reached XP level 1. HP: 19/19 MP: 1/1
   245 | D:1      | Reached XP level 2. HP: 24/26 MP: 2/2
   650 | D:1      | Reached XP level 3. HP: 24/31 MP: 3/3
   745 | D:1      | Found a faded altar of an unknown god.
  1110 | D:2      | Noticed Robin
  1223 | D:2      | Killed Robin
  1230 | D:2      | Reached XP level 4. HP: 25/40 MP: 4/4
  1439 | D:2      | Noticed Natasha
  1454 | D:2      | Killed Natasha
  1887 | D:2      | Noticed Natasha
  1899 | D:2      | Killed Natasha
  2188 | D:2      | Found a runed translucent door.
  2189 | D:2      | Noticed Crazy Yiuf
  2226 | D:2      | Noticed Natasha
  2233 | D:2      | Killed Natasha
  2234 | D:2      | Reached XP level 5. HP: 46/46 MP: 5/5
  3378 | D:3      | Reached XP level 6. HP: 41/53 MP: 6/6
  3516 | D:3      | Identified the ring "Moaxauwn" {Ice rCorr Int-5 Dex+3}
  4004 | D:4      | Found a radiant altar of Vehumet.
  4007 | D:4      | Found a basalt altar of Yredelemnul.
  4013 | D:4      | Found a white marble altar of Elyvilon.
  4014 | D:4      | Found a shimmering blue altar of Sif Muna.
  4014 | D:4      | Found a hazy altar of Hepliaklqana.
  4016 | D:4      | Found a bloodstained altar of Trog.
  4017 | D:4      | Found a glowing golden altar of the Shining One.
  4018 | D:4      | Found a burning altar of Makhleb.
  4068 | D:4      | Noticed Edmund
  4076 | D:4      | Slain by Edmund

Illustrated notes

Levels and vault maps discovered:
D:1:      amcnicky_arrival_choice, layout_rooms,
          hellmonk_ecumenical_altar_blasted, reono_crystal_passage,
          chequers_serial_rivers_micro_a, st_stairs_11
D:2:      layout_basic, uniq_natasha, uniq_robin, uniq_crazy_yiuf_cottage
D:3:      layout_basic, grunt_ministairs_4
D:4:      layout_loops_ring, minitemple, minmay_temple_entry_butterflies,
          serial_shops, nicolae_shop_stone, gammafunk_ghost_nasty_kobolds,
          st_stairs_12, chequers_serial_rivers_large_b, sigmund_army,
          uniq_edmund, uniq_blork_the_orc, uniq_pikel

Skill      XL: |  1  2  3  4  5 |
---------------+----------------+-----
Dodging        | 3 |  3.8
Fighting       | 4 |  4.7
Long Blades    | 3 |  3.5
Shields        | 4 |  4.2

Action                   |  1- 3 |  4- 6 || total
-------------------------+-------+-------++-------
Melee: Long sword        |   142 |   211 ||   353
       Tailslap          |    15 |    28 ||    43
  Use: Potion            |       |     1 ||     1
 Stab: Sleeping          |       |     1 ||     1
Armor: Skin              |    58 |    65 ||   123
Dodge: Dodged            |   123 |   110 ||   233
Block: Buckler           |    39 |    50 ||    89

Table legend: (Time is in decaauts)
 A = Elapsed time spent in this place.
 B = Non-inter-level travel time spent in this place.
 C = Inter-level travel time spent in this place.
 D = Time resting spent in this place.
 E = Time spent auto-exploring this place.
 F = Levels seen in this place.
 G = Mean time per level.
                   A        B        C        D        E       F      G
               +--------+--------+--------+--------+--------+-----+--------+
         Total |   4202 |   4102 |    100 |     64 |   3237 |   4 | 1050.5 |
       Dungeon |   4202 |   4102 |    100 |     64 |   3237 |   4 | 1050.5 |
               +--------+--------+--------+--------+--------+-----+--------+

Top non-repeatable levels by time:
     D:3: 1682 daAuts
     D:1: 1215 daAuts
     D:2: 1212 daAuts
     D:4: 91 daAuts
